 Dungeon Crawl Stone Soup version 0.31-a0-319-g4fced400ed (webtiles) character file.

Game seed: 8971724316822995155

243 HallandMoats the Trooper (level 5, 0/46 HPs)
             Began as a Mummy Monk on July 17, 2023.
             Slain by a sky beast (4 damage)
             ... on level 6 of the Dungeon.
             The game lasted 00:05:38 (3603 turns).

HallandMoats the Trooper (Mummy Monk)               Turns: 3603, Time: 00:05:38

Health: 0/46       AC:  8    Str: 16    XL:     5   Next: 82%
Magic:  5/5        EV: 11    Int:  9    God:
Gold:   256        SH:  0    Dex: 15    Spells: 4/4 levels left

rFire   x . .        a - +0 whip (elec)
rCold   + . .        c - orb {light}
rNeg    + + +        d - +0 ring mail
rPois   ∞            f - +0 helmet
rElec   .            (no cloak)
rCorr   .            b - +0 pair of gloves
SInv    .            j - +0 pair of boots
Will    .....        (no amulet)
Stlth   +            (no ring)
HPRegen 0.27/turn    (no ring)
MPRegen 0.09/turn

%: faith
@: glowing
A: cold resistance 1, negative energy resistance 3, torment resistance 2, heat
vulnerability 1, in touch with death 1, no potions, faith
a: no special abilities


You were on level 6 of the Dungeon.
You visited 1 branch of the dungeon, and saw 5 of its levels.

You collected 256 gold pieces.

Inventory:

Hand Weapons
 a - a +0 whip of electrocution (weapon)
Armour
 b - a +0 pair of gloves (worn)
 c - an orb of light (worn)
 d - a +0 ring mail (worn)
 f - a +0 helmet (worn)
 j - a +0 pair of boots (worn)
Jewellery
 n - a ring of wizardry
Wands
 e - a wand of polymorph (13)
Scrolls
 g - 3 scrolls of noise
 h - 5 scrolls of identify {unknown}
 i - a scroll of poison {unknown}
 k - a scroll of fog {unknown}
 l - a scroll of enchant armour {unknown}
 m - a scroll of teleportation {unknown}
 o - a scroll of revelation {unknown}


   Skills:
 * Level 5.6 Fighting
 + Level 3.7 Maces & Flails
 - Level 2.4 Dodging


You had 4 spell levels left.
You didn't know any spells.
Your spell library contained the following spells:

 Spells                   Type           Power      Damage    Failure   Level
 Foxfire                  Conj/Fire      0%         2x1d4     61%         1
 Shock                    Conj/Air       0%         1d3       61%         1
 Scorch                   Fire           0%         2d5       75%         2
 Swiftness                Air            0%         N/A       93%         3
 Volatile Blastmotes      Fire/Tloc      0%         2d10      93%         3
 Airstrike                Air            0%         2d(0-16)  100%        4
 Fireball                 Conj/Fire      0%         3d3       100%        5
 Simulacrum               Ice/Necr       0%         N/A       100%        6


Dungeon Overview and Level Annotations

Branches:
Dungeon (4/15)
 Temple: D:4-7

Altars:
Cheibriados
Qazlal
Sif Muna


Innate Abilities, Weirdness & Mutations

You are immune to poison.
Your flesh is cold resistant. (rC+)
You are immune to negative energy. (rN+++)
You are immune to unholy pain and torment.
You are vulnerable to heat. (rF-)
You are in touch with the powers of death.
You do not drink.
You have a special connection with the divine. (Faith)


Message History

The sky beast hits you but does no damage.
You closely miss the sky beast.
The sky beast is moderately wounded.
The sky beast barely misses you.
You barely miss the sky beast.
The sky beast is moderately wounded.
You hit the sky beast.
The sky beast is moderately wounded.
The sky beast hits you but does no damage.
You closely miss the sky beast.
The sky beast is moderately wounded.
The sky beast hits you. The sky beast shocks you.
You hit the sky beast.
The sky beast is heavily wounded.
The sky beast hits you but does no damage.
You barely miss the sky beast.
The sky beast is heavily wounded.
The sky beast hits you but does no damage.
You hit the sky beast.
The sky beast is heavily wounded.
The sky beast hits you. The sky beast shocks you.
You hit the sky beast.
The sky beast is severely wounded.
The sky beast hits you. The sky beast shocks you.
* * * LOW HITPOINT WARNING * * *
You hit the sky beast.
The sky beast is almost dead.
The sky beast hits you.
* * * LOW HITPOINT WARNING * * *
The sky beast shocks you.
* * * LOW HITPOINT WARNING * * *
You completely miss the sky beast.
The sky beast is severely wounded.
The sky beast barely misses you.
As you read the scroll labelled CISUWIDYHI, it crumbles to dust.
You hear a loud clanging noise!
It was a scroll of noise.
You hear a shout!
You hear a loud, deep croak!
The sky beast hits you.
You die...

##### #... # #..# #.##
#@# .# #...###Y##
#.######. #...#Y.#
#........
#####....###.......#.#
#.....#...##......#..#
#.....##..............
#.....####............
#...........[...#.....
#............##.......


You could see an ice beast and a sky beast (invisible).

Vanquished Creatures
  A scorpion (D:4)
  An orc wizard (D:3)
  Robin (D:2)
  A gnoll (D:3)
  3 adders
  2 worms
  5 orcs (D:3)
  9 ball pythons
  6 endoplasms
  7 giant cockroaches
  14 goblins
  10 hobgoblins
  6 jackals
  A quokka (D:1)
  5 bats
  6 frilled lizards
  13 kobolds
  9 rats
100 creatures vanquished.

Notes
Turn   | Place    | Note
-------+----------+-------------------------------------------
     0 | D:1      | HallandMoats the Mummy Monk began the quest for the Orb.
     0 | D:1      | Reached XP level 1. HP: 18/18 MP: 1/1
   234 | D:1      | Reached XP level 2. HP: 21/24 MP: 2/2
   888 | D:1      | Gained mutation: You are in touch with the powers of death.
                  | [Mummy growth]
   888 | D:1      | Reached XP level 3. HP: 28/30 MP: 3/3
  1005 | D:1      | Found a faded altar of an unknown god.
  1048 | D:2      | Noticed Robin
  1171 | D:1      | Reached skill level 4 in Fighting
  1236 | D:2      | Killed Robin
  1290 | D:2      | Reached XP level 4. HP: 29/38 MP: 4/4
  1549 | D:2      | Found a stormy altar of Qazlal.
  2222 | D:3      | Found a shimmering blue altar of Sif Muna.
  2275 | D:3      | Found a snail-covered altar of Cheibriados.
  2729 | D:3      | Reached skill level 5 in Fighting
  2729 | D:3      | Reached XP level 5. HP: 23/44 MP: 5/5
  3545 | D:4      | You fall into a shaft and drop 2 floors!
  3566 | D:6      | Got the Almanac of Hail and the Coals
  3568 | D:6      | Noticed a sky beast
  3569 | D:6      | a sky beast changed into a wyvern
  3569 | D:6      | Noticed a wyvern
  3572 | D:6      | a wyvern changed into a sky beast
  3572 | D:6      | Noticed a sky beast
  3572 | D:6      | Noticed an ice beast
  3603 | D:6      | Slain by a sky beast

Illustrated notes

Levels and vault maps discovered:
D:1:      heliophobic_arrival_enchanted_forest, layout_basic,
          shapermc_ecumenical_altar_hornbeckon, minmay_hexomino_r4
D:2:      layout_basic, basic_altar, guppyfry_early_lair_pool, uniq_robin
D:3:      minmay_diamond_boxcup, layout_basic,
          mainiacjoe_overflow_catch_the_wave
D:4:      layout_basic, riverfiend_overflow_shadow_ancestor
D:6:      layout_rooms

Skill      XL: |  1  2  3  4 |
---------------+-------------+-----
Fighting       | 4 5 |  5.6
Maces & Flails | 3 |  3.7
Dodging        | |  2.4

Action                     |  1- 3 |  4- 6 || total
---------------------------+-------+-------++-------
  Melee: Mace              |   108 |    58 ||   166
         Whip              |       |    90 ||    90
  Evoke: Wand              |       |     2 ||     2
    Use: Scroll            |       |     1 ||     1
 Armour: Ring mail         |    58 |    58 ||   116
         Robe              |     1 |       ||     1
  Dodge: Dodged            |    92 |    90 ||   182

Table legend: (Time is in decaauts)
 A = Elapsed time spent in this place.
 B = Non-inter-level travel time spent in this place.
 C = Inter-level travel time spent in this place.
 D = Time resting spent in this place.
 E = Time spent auto-exploring this place.
 F = Levels seen in this place.
 G = Mean time per level.
                   A        B        C        D        E       F      G
               +--------+--------+--------+--------+--------+-----+--------+
         Total |   3655 |   3493 |    162 |    367 |   2262 |   5 |  731.0 |
       Dungeon |   3655 |   3493 |    162 |    367 |   2262 |   5 |  731.0 |
               +--------+--------+--------+--------+--------+-----+--------+

Top non-repeatable levels by time:
     D:1: 1200 daAuts
     D:3: 1197 daAuts
     D:2: 1059 daAuts
     D:4: 142 daAuts
     D:6: 56 daAuts
